 Dungeon Crawl Stone Soup version 0.27-a0-92-g39ad13b146 (webtiles) character file.

Game seed: 13573700393983226599

9041 kae the Martial Artist (level 11, -4/69 HPs)
             Began as a Tengu Gladiator on Jan 15, 2021.
             Was a Believer of Qazlal.
             Slain by an ice dragon (7 damage)
             ... on level 11 of the Dungeon.
             The game lasted 00:07:59 (11603 turns).

kae the Martial Artist (Tengu Gladiator)           Turns: 11603, Time: 00:08:00

Health: -4/69      AC: 12    Str: 17    XL:     11   Next: 40%
Magic:  0/15       EV: 13    Int:  8    God:    Qazlal [**....]
Gold:   552        SH:  3    Dex: 17    Spells: 10/10 levels left

rFire    + . .     SeeInvis .     - Unarmed
rCold    + . .     Faith    .   (no shield)
rNeg     . . .     Spirit   +   v - +0 chain mail {rC+}
rPois    .         Reflect  .   b - +1 hat
rElec    .         Harm     .   k - +0 cloak
rCorr    .         Rampage  .   (no gloves)
Will     .....                  (boots unavailable)
Stlth    ..........             w - amulet of guardian spirit
HPRegen  0.21/turn              r - ring of protection from fire
MPRegen  0.14/turn              D - ring of wizardry

@: flying quickly and evasively, quick
A: beak, talons 3, able to fly
a: Stop Flying, Renounce Religion, Upheaval


You were on level 11 of the Dungeon.
You worshipped Qazlal.
Qazlal was pleased with you.
You visited 2 branches of the dungeon, and saw 12 of its levels.

You collected 552 gold pieces.

Inventory:

Missiles
 c - 6 throwing nets (quivered)
Armour
 a - a +0 leather armour
 b - a +1 hat (worn)
 k - a +0 cloak (worn)
 v - a +0 chain mail of cold resistance (worn)
Jewellery
 r - a ring of protection from fire (left hand)
 t - the amulet "Osaw" {Inacc rPois Str+4}
   (You found it on level 5 of the Dungeon)

   [amulet of inaccuracy]

   It reduces the accuracy of all your attacks.
   It affects your strength (+4).
   It protects you from poison.
 w - an amulet of guardian spirit (around neck)
 D - a ring of wizardry (right hand)
 G - an uncursed amulet of reflection
Wands
 e - a wand of iceblast (17)
 i - a wand of random effects (47)
 m - a wand of acid (19)
 n - a wand of digging (4)
 u - a wand of flame (44)
 y - a wand of paralysis (11)
Scrolls
 d - 11 scrolls of identify
 f - a scroll of enchant weapon
 j - 2 scrolls of teleportation
 l - 2 scrolls of amnesia
 p - 3 scrolls of enchant armour
 F - 2 scrolls of remove curse
Potions
 g - 4 potions of curing
 h - 3 potions of heal wounds
 o - 3 potions of flight
 q - 4 potions of haste
 s - 3 potions of ambrosia
 x - a potion of mutation
 z - a potion of invisibility
 A - a potion of brilliance
 B - 2 potions of lignification
 E - a potion of resistance


   Skills:
 + Level 8.5 Fighting
 - Level 2.0 Throwing
 + Level 6.8 Armour
 + Level 6.8 Dodging
 * Level 12.9 Unarmed Combat
 + Level 4.9 Invocations


You had 10 spell levels left.
You didn't know any spells.
Your spell library contained the following spells:

 Spells                   Type           Power        Failure   Level
 Sandblast                Erth           0%           87%         1
 Summon Small Mammal      Summ           0%           87%         1
 Call Imp                 Summ           0%           95%         2
 Passwall                 Tmut/Erth      0%           95%         2
 Call Canine Familiar     Summ           0%           99%         3
 Stone Arrow              Conj/Erth      0%           99%         3
 Summon Guardian Golem    Hex/Summ       0%           99%         3
 Petrify                  Tmut/Erth      0%           100%        4
 Summon Ice Beast         Ice/Summ       0%           100%        4
 Summon Lightning Spire   Summ/Air       0%           100%        4
 Lee's Rapid Deconstruct  Erth           0%           100%        5


Dungeon Overview and Level Annotations

Branches:
Dungeon (11/15)            Temple (1/1) D:7            Lair (0/6) D:11
    Orc: D:9-12

Altars:
Ashenzari
Cheibriados
Dithmenos
Elyvilon
Fedhas
Gozag
Hepliaklqana
Kikubaaqudgha
Makhleb
Nemelex Xobeh
Okawaru
Qazlal
Ru
Sif Muna
Trog
Uskayaw
Vehumet
Wu Jian
Xom
Zin
The Shining One

Shops:
D:8 [

Portals:
Trove: D:10 (give +8 demon trident)
Ice
Cave: D:11

Annotations:
D:2 Terence


Innate Abilities, Weirdness & Mutations

You have a beak for a mouth.
You have claws for feet.
You can fly continuously.


Message History

You feel less wooden.
Your +0 cloak unmelds from your body.
Your +1 hat unmelds from your body.
Your +0 chain mail of cold resistance unmelds from your body.
You feel resistant to cold.
The ice dragon bites you but does no damage.
The ice dragon claws you but does no damage.
The ice dragon tramples you!
* * * LOW HITPOINT WARNING * * *
You hold your ground!
You closely miss the ice dragon.
You claw the ice dragon, but do no damage.
The ice dragon is severely wounded.
The ice dragon breathes frost at you. The blast of cold hits you! You resist.
* * * LOW HITPOINT WARNING * * *
You barely miss the ice dragon.
The ice dragon is severely wounded.
The ice dragon bites you but does no damage.
The ice dragon claws you!
You die...

**,,*,,,,,,**.....#*,,,,********,
,,,^*,,,,,,**,.∩..**,,,,,,,,,,,,,
,,,,*..,,,,**,....**,,,,,,,,,,,,,
*****#.,*,,***...*************,,,
,,,,,#..#..**##..,**,,,,,,,,,,,,,
,,,,,#..#..,**..#***,,,,,,,,,,***
,....#..#.,,**#h# **,,,,,,,,,*,,*
,#...#..≈#*** #D##*,,,,,,,,,,*,,,
,#...#..≈## ##@#*,,,,,,,,,,**,*
,#...#..#≈# ##.##*,,,,,,,,,,,*,*
,#...#..#≈####.####..,,,,,,,,,,,,
,#...#...≈#...........,,,,,,,,,,,
.#...#..≈≈#...........,,,,,,,,,,,
.#......≈.............,,,,,,,,,,,
.#.....≈≈..###........,,,,,,,,,,,
......^≈≈....#........,,,,,,,,,,,
.....≈.≈≈....#........,,,,,,,,,,,


You could see an ice dragon (catching breath) and a polar bear.

Vanquished Creatures
  3 two-headed ogres
  A komodo dragon (D:9)
  2 polar bears (D:11)
  2 centaur simulacra
  A water elemental (D:11)
  8 yaks
  A soldier ant (D:10)
  Duvessa (D:7)
  An ice beast (D:7)
  A black bear (D:8)
  2 orc warriors
  Purgy (D:3)
  3 sky beasts
  5 phantoms
  4 ogres
  2 wolves (D:11)
  3 centaurs
  3 big kobolds
  3 bullfrogs
  Dowan (D:7)
  3 scorpions
  A water moccasin zombie (D:8)
  5 killer bees (D:9)
  17 wights
  4 howler monkeys
  2 electric eels
  Crazy Yiuf (D:7)
  7 hounds
  5 orc priests
  6 orc wizards
  An iguana (D:9)
  7 worker ants
  2 hound zombies
  A hound skeleton (D:4)
  11 adders
  3 shadow imps
  6 white imps
  A worker ant simulacrum (D:11)
  2 ufetubi
  An adder skeleton (D:8)
  2 worms
  3 leopard geckos
  32 orcs
  4 giant cockroaches
  5 goblins
  7 hobgoblins
  6 jackals
  7 quokkas
  A ball python skeleton (D:5)
  8 bats
  3 frilled lizards
  A jackal skeleton (D:4)
  19 kobolds
  2 quokka skeletons
  6 rats
240 creatures vanquished.

Vanquished Creatures (others)
  A plant (D:7)
1 creature vanquished.

Grand Total: 241 creatures vanquished

Notes
Turn   | Place    | Note
-------+----------+-------------------------------------------
     0 | D:1      | kae the Tengu Gladiator began the quest for the Orb.
     0 | D:1      | Reached XP level 1. HP: 12/12 MP: 2/2
     2 | D:1      | Noticed a tengu
     4 | D:1      | Noticed a troll
     4 | D:1      | Noticed a vine stalker
     6 | D:1      | Noticed an elf
     8 | D:1      | Noticed a naga
    10 | D:1      | Noticed an octopode
    10 | D:1      | Noticed an ogre
    12 | D:1      | Noticed a felid
    12 | D:1      | Noticed a draconian
    14 | D:1      | Noticed a demigod
    16 | D:1      | Noticed a centaur
    16 | D:1      | Noticed a minotaur
    18 | D:1      | Noticed a dwarf
    18 | D:1      | Noticed a demonspawn
    20 | D:1      | Noticed a formicid
    20 | D:1      | Noticed a ghoul
    22 | D:1      | Noticed a spriggan
    22 | D:1      | Noticed a halfling
    24 | D:1      | Noticed a human
    24 | D:1      | Noticed a vampire
    26 | D:1      | Noticed a gargoyle
    26 | D:1      | Noticed a merfolk
   365 | D:1      | Reached XP level 2. HP: 17/17 MP: 3/3
   951 | D:2      | Reached skill level 4 in Unarmed Combat
   951 | D:2      | Reached XP level 3. HP: 11/22 MP: 4/4
  1622 | D:3      | Found an ancient bone altar of Kikubaaqudgha.
  1632 | D:3      | Reached XP level 4. HP: 25/27 MP: 5/5
  1632 | D:3      | Noticed Terence
  1969 | D:3      | Noticed Purgy
  1983 | D:3      | Killed Purgy
  1984 | D:3      | Reached skill level 5 in Unarmed Combat
  1984 | D:3      | Gained mutation: You can fly continuously. [Tengu growth]
  1984 | D:3      | Reached XP level 5. HP: 25/32 MP: 6/6
  2057 | D:3      | Found a shimmering altar of Xom.
  2059 | D:3      | Found a shimmering altar of Xom.
  2059 | D:3      | Found a shimmering altar of Xom.
  2061 | D:3      | Found a shimmering altar of Xom.
  2090 | D:3      | Found a shimmering altar of Xom.
  2090 | D:3      | Found a shimmering altar of Xom.
  2352 | D:3      | Found a shimmering altar of Xom.
  2420 | D:3      | Reached XP level 6. HP: 37/37 MP: 7/7
  2836 | D:4      | Reached skill level 6 in Unarmed Combat
  3114 | D:4      | Noticed a phantom
  3149 | D:4      | Killed a phantom
  3150 | D:4      | Reached skill level 5 in Dodging
  3150 | D:4      | Reached XP level 7. HP: 25/43 MP: 8/8
  3544 | D:5      | Entered Level 5 of the Dungeon
  3881 | D:5      | Reached skill level 7 in Unarmed Combat
  4349 | D:5      | Reached XP level 8. HP: 35/48 MP: 9/9
  4508 | D:5      | Got a shimmering emerald amulet
  4694 | D:5      | Identified the amulet "Osaw" {Inacc rPois Str+4} (You found
                  | it on level 5 of the Dungeon)
  5036 | D:6      | Reached skill level 5 in Fighting
  5040 | D:6      | Reached skill level 8 in Unarmed Combat
  5167 | D:6      | Reached skill level 1 in Armour
  5518 | D:6      | Found a sparkling altar of Nemelex Xobeh.
  5546 | D:6      | Found a glowing golden altar of the Shining One.
  5800 | D:6      | Reached skill level 9 in Unarmed Combat
  6316 | D:6      | Reached XP level 9. HP: 54/55 MP: 10/10
  6790 | D:7      | Noticed Duvessa
  6790 | D:7      | Noticed Dowan
  6811 | D:7      | Killed Duvessa
  6817 | D:7      | Killed Dowan
  7153 | D:7      | Found a staircase to the Ecumenical Temple.
  7176 | Temple   | Entered the Ecumenical Temple
  7268 | Temple   | Became a worshipper of Qazlal Stormbringer
  7451 | D:7      | Reached skill level 10 in Unarmed Combat
  7495 | D:7      | Found a runed translucent door.
  7496 | D:7      | Noticed Crazy Yiuf
  7700 | D:7      | Killed Crazy Yiuf
  8021 | D:8      | Reached skill level 1 in Invocations
  8630 | D:8      | Found Socakaocw's Armour Emporium.
  8812 | D:9      | Reached skill level 5 in Armour
  8945 | D:9      | Reached XP level 10. HP: 53/61 MP: 9/12
  9035 | D:9      | Found a white marble altar of Elyvilon.
  9084 | D:9      | Reached * piety under Qazlal
  9146 | D:9      | Reached skill level 11 in Unarmed Combat
  9218 | D:9      | Found an ornate altar of the Wu Jian Council.
  9218 | D:9      | Found a bloodstained altar of Trog.
  9237 | D:9      | Noticed a two-headed ogre
  9248 | D:9      | Killed a two-headed ogre
 10099 | D:9      | Found an iron altar of Okawaru.
 10199 | D:10     | Entered Level 10 of the Dungeon
 10422 | D:10     | Reached ** piety under Qazlal
 10467 | D:10     | Reached skill level 12 in Unarmed Combat
 10793 | D:10     | Noticed a two-headed ogre
 10800 | D:10     | Killed a two-headed ogre
 10801 | D:10     | Reached XP level 11. HP: 54/68 MP: 8/15
 11042 | D:10     | Noticed a two-headed ogre
 11049 | D:10     | Killed a two-headed ogre
 11291 | D:10     | Found a portal to a secret trove of treasure.
 11435 | D:11     | Noticed a phantasmal warrior
 11439 | D:11     | Noticed a death knight
 11441 | D:11     | Noticed a phantasmal warrior
 11568 | D:11     | Found a frozen archway.
 11569 | D:11     | Noticed an ice dragon
 11602 | D:11     | HP: 2/69 [ice dragon/blast of cold (9)]
 11603 | D:11     | Slain by an ice dragon

Illustrated notes

Levels and vault maps discovered:
D:1:      kb_arrival_jail, layout_rooms, hangedman_decor_growths
D:2:      layout_rooms
D:3:      layout_basic, lemuel_doored_altar, nicolae_xom_altar_mimics,
          uniq_terence, uniq_purgy
D:4:      layout_basic, dk_rats_in_the_wall
D:5:      layout_cave_pools, grunt_ministairs_1
D:6:      layout_cave_pods, nicolae_overflow_hidden_temple
D:7:      layout_loops_ring, minmay_temple_entry_nine_rooms,
          hangedman_abyss_or_decor_passed, serial_bayou_pond_b, uniq_duvessa,
          uniq_crazy_yiuf_cottage
D:8:      layout_loops_ring, serial_shops, shop, kennysheep_generic_room_8
D:9:      layout_irregular_city, marbit_many_paths,
          gammafunk_temple_overflow_elements, basic_altar
D:10:     layout_long_grid, nicolae_trove_entry_columns
D:11:     layout_grid_maze, lair_entry_dummy, serial_ice, serial_ice_k,
          serial_ice_f, serial_ice_c, serial_ice_d, serial_ice_a, serial_ice_g,
          serial_ice_e, portal_ice_cave_entry_animals_and_master, basic_altar,
          minmay_checkerbox
Temple:   eino_wide_crystal_templ

Skill      XL: |  1  2  3  4  5  6  7  8  9 10 |
---------------+-------------------------------+-----
Unarmed Combat | 4 5 6 7 9 10 12 | 12.9
Dodging        | 4 5 6 |  6.8
Fighting       | 3 4 5 6 8 |  8.5
Armour         | 3 5 6 |  6.8
Invocations    | 2 4 |  4.9
Throwing       | |  2.0

Action                   |  1- 3 |  4- 6 |  7- 9 | 10-12 || total
-------------------------+-------+-------+-------+-------++-------
Melee: Unarmed           |    77 |   147 |   349 |   250 ||   823
       Kick              |    20 |    37 |   113 |    73 ||   243
       Peck              |    11 |    31 |    66 |    44 ||   152
       Punch             |     2 |     5 |    14 |    18 ||    39
Invok: Upheaval          |       |       |       |     2 ||     2
 Abil: Fly               |       |     1 |       |       ||     1
Evoke: Wand              |       |     2 |       |       ||     2
  Use: Scroll            |    10 |     2 |     5 |     7 ||    24
       Potion            |       |       |       |     2 ||     2
 Stab: Sleeping          |     2 |     2 |       |       ||     4
Armor: Leather armour    |    28 |    27 |    15 |       ||    70
       Chain mail        |       |       |    67 |    58 ||   125
       Skin              |       |       |       |    67 ||    67
Dodge: Dodged            |    55 |   136 |   170 |    88 ||   449
Block: Other             |       |       |       |    14 ||    14

Table legend: (Time is in decaauts)
 A = Elapsed time spent in this place.
 B = Non-inter-level travel time spent in this place.
 C = Inter-level travel time spent in this place.
 D = Time resting spent in this place.
 E = Time spent auto-exploring this place.
 F = Levels seen in this place.
 G = Mean time per level.
                   A        B        C        D        E       F      G
               +--------+--------+--------+--------+--------+-----+--------+
         Total |  11002 |  10610 |    392 |   2634 |   6424 |  12 |  916.8 |
       Dungeon |  10901 |  10522 |    379 |   2634 |   6348 |  11 |  991.0 |
        Temple |    100 |     87 |     13 |      0 |     76 |   1 |  100.0 |
               +--------+--------+--------+--------+--------+-----+--------+

Top non-repeatable levels by time:
     D:6: 1456 daAuts
     D:4: 1418 daAuts
     D:8: 1212 daAuts
    D:10: 1106 daAuts
     D:9: 1086 daAuts
     D:3: 1031 daAuts
     D:7: 1014 daAuts
     D:1: 921 daAuts
     D:5: 790 daAuts
     D:2: 679 daAuts
    D:11: 184 daAuts
  Temple: 100 daAuts
